 Dungeon Crawl Stone Soup version 0.21.1-1-g345015f (webtiles) character file.

109062 wojtek the Cleaver (level 16, -5/144 HPs)
             Began as a Minotaur Fighter on July 7, 2018.
             Was the Champion of Makhleb.
             Slain by an emperor scorpion (23 damage)
             ... on level 3 of the Spider Nest.
             The game lasted 01:01:49 (26076 turns).

wojtek the Cleaver (Minotaur Fighter)              Turns: 26076, Time: 01:01:52

Health: -5/144     AC: 31    Str: 28      XL:     16   Next: 4%
Magic:  25/25      EV: 17    Int:  4 (5)  God:    Makhleb [******]
Gold:   2383       SH: 14    Dex: 12 (13) Spells: 15/15 levels left

rFire    . . .     SeeInvis .   a - +0 broad axe
rCold    . . .     Gourm    .   T - +0 shield {reflect}
rNeg     . . .     Faith    .   U - +0 crystal plate armour
rPois    +         Spirit   .   (helmet restricted)
rElec    .         Reflect  +   E - +2 cloak
rCorr    .         Harm     .   W - +2 pair of gloves {Str+3}
MR       +....                  K - +0 pair of boots of Trial and Error {Regen+}
Stlth    ..........             u - amulet of rage
HPRegen  0.74/turn              w - ring of poison resistance
MPRegen  0.19/turn              S - +6 ring of evasion

@: about to teleport
A: retaliatory headbutt, horns 2
a: Minor Destruction, Lesser Servant of Makhleb, Major Destruction, Greater
Servant of Makhleb, Renounce Religion, Evoke Berserk Rage


You were on level 3 of the Spider Nest.
You worshipped Makhleb.
Makhleb was exalted by your worship.
You were hungry.

You visited 5 branches of the dungeon, and saw 27 of its levels.
You also visited: Labyrinth, Ossuary and Bailey.

You collected 2737 gold pieces.
You spent 354 gold pieces at shops.

Inventory:

Hand Weapons
 a - a +0 broad axe (weapon)
 i - a +2 vampiric war axe
Missiles
 h - 10 throwing nets (quivered)
Armour
 j - a +2 plate armour of magic resistance
 E - a +2 cloak (worn)
 K - the +0 pair of boots of Trial and Error (worn) {Regen+}
   (You found it on level 7 of the Dungeon)

   It increases your rate of regeneration.
 T - a +0 shield of reflection (worn)
 U - a +0 crystal plate armour (worn)
 W - a +2 pair of gloves of strength (worn)
Jewellery
 u - an amulet of rage (around neck)
 w - a ring of poison resistance (left hand)
 I - the ring "Yrytax" {*Slow +Fly rF+ Slay+3 SInv}
   (You found it in a labyrinth)

   [ring of protection from fire]

   It affects your accuracy and damage with ranged weapons and melee attacks
   (+3).
   It protects you from fire.
   It lets you see invisible.
   It lets you fly.
   It may slow you when you take damage.
 S - a +6 ring of evasion (right hand)
Wands
 n - a wand of polymorph (17)
 q - a wand of flame (155)
 D - a wand of acid (25)
 H - a wand of clouds (11)
 J - a wand of scattershot (13)
 M - a wand of digging (51)
 P - a wand of iceblast (6)
 Y - a wand of disintegration (3)
Scrolls
 g - 12 scrolls of teleportation
 m - 7 scrolls of enchant armour {unknown}
 r - 4 scrolls of amnesia {unknown}
 s - 2 scrolls of identify
 t - 10 scrolls of remove curse
 y - 3 scrolls of fog {unknown}
 C - 6 scrolls of noise {unknown}
 F - 3 scrolls of fear {unknown}
 L - 5 scrolls of blinking {unknown}
 N - 4 scrolls of summoning
 R - 3 scrolls of enchant weapon {unknown}
 V - 7 scrolls of magic mapping
Potions
 b - 2 potions of ambrosia {unknown}
 d - 6 potions of might
 l - 10 potions of curing
 p - 5 potions of heal wounds
 v - 5 potions of lignification
 x - 2 potions of haste {unknown}
 z - 3 potions of flight
 A - 2 potions of invisibility
 B - 2 potions of cancellation {unknown}
 G - 4 potions of agility
 O - a potion of degeneration {unknown}
 Q - 2 potions of berserk rage
 Z - 2 potions of magic {unknown}
Books
 k - a book of Misfortune

   Spells                             Type                      Level
   a - Confusing Touch                Hexes                        1
   b - Confuse                        Hexes                        3
   c - Gell's Gravitas                Translocation                3
   d - Petrify                        Transmutation/Earth          4
   e - Metabolic Englaciation         Hexes/Ice                    5
   f - Yara's Violent Unravelling     Hexes/Transmutation          5
Miscellaneous
 e - a fan of gales
 o - a box of beasts
Comestibles
 f - 36 rations


   Skills:
 + Level 13.5 Fighting
 + Level 14.8 Axes
 + Level 13.5 Armour
 + Level 12.1 Dodging
 + Level 13.5 Shields
 * Level 13.6 Invocations
 - Level 2.8 Evocations


You had 15 spell levels left.
You didn't know any spells.

Dungeon Overview and Level Annotations

Branches:
Dungeon (15/15)            Temple (1/1) D:7            Lair (6/6) D:10
 Shoals (0/4) Lair:3       Spider (3/4) Lair:4        Slime (0/5) Lair:5
    Orc (2/2) D:11            Elf (0/3) Orc:2        Vaults (0/5) D:14
 Depths (0/5) D:15

Altars:
Ashenzari
Cheibriados
Dithmenos
Elyvilon
Fedhas
Gozag
Hepliaklqana
Kikubaaqudgha
Makhleb
Nemelex Xobeh
Okawaru
Qazlal
Ru
Sif Muna
Trog
Uskayaw
Vehumet
Wu Jian
Xom
Yredelemnul
Zin
The Shining One
Beogh
Jiyva

Shops:
D:4 !   D:14 (   Orc:2 }[(=

Annotations:
Lair:1 oklob


Innate Abilities, Weirdness & Mutations

You reflexively headbutt those who attack you in melee.
You have a pair of horns on your head.


Message History

You feel better.
You barely miss the emperor scorpion. The emperor scorpion stings you!!
* * * LOW HITPOINT WARNING * * *
The emperor scorpion completely misses you.
You block the emperor scorpion's attack.
The emperor scorpion stings you!
* * * LOW HITPOINT WARNING * * *
The emperor scorpion completely misses you.
You block the emperor scorpion's attack.
You feel much better.
The emperor scorpion stings you but does no damage.
You block the emperor scorpion's attack. x2
Okay, then.
As you read the scroll of teleportation, it crumbles to dust.
You feel strangely unstable. The emperor scorpion misses you.
The emperor scorpion closely misses you.
The emperor scorpion claws you.
* * * LOW HITPOINT WARNING * * *
The emperor scorpion stings you!!
You die...

#...........##
#####............#
....^............##
#...............# ##
##...............# ...
#...........s....# ....
#..............##......
#...............#......
#............†#@.......
.#...........#.s#.......
#..†.†.....##.###.......
..#††....###.## .......
.##†#####...# .......
.##.## #..#.# .......
#....##..## # .......
..##....# #...... ##
##..## #. .. ......


You could see an emperor scorpion (berserk) and an orb spider.

Vanquished Creatures
  Donald (Lair:4)
  2 orc warlords (Orc:2)
  A ghost moth (Spider:2)
  A stone giant (Orc:2)
  Azrael (D:14)
  A spark wasp (Spider:1)
  A minotaur (Lab)
  An ogre mage (D:15)
  5 vault guards (D:14)
  A rakshasa (D:15)
  A hydra (Lair:2)
  2 centaur warriors (D:15)
  A catoblepas (Lair:4)
  Erica (D:8)
  A death knight (D:14)
  2 tengu warriors (D:13)
  7 two-headed ogres
  A death yak (Lair:4)
  Sonja (Lair:2)
  The ghost of Merlin the Basher, a novice DsCK of Xom (D:8)
  A skeletal warrior (D:14)
  A wizard (D:14)
  An unseen horror (D:15)
  A glowing orange brain (D:15)
  3 orb spiders
  2 phantasmal warriors
  3 deep elf magi
  3 orc sorcerers
  2 orc knights (Orc:2)
  9 ugly things
  An oklob plant (Lair:1)
  A manticore (D:12)
  12 wolf spiders
  2 moths of wrath (Spider:3)
  A salamander (Lair:5)
  4 cyclopes
  A centaur zombie (D:14)
  3 black mambas
  8 elephants
  2 torpor snails
  11 spiny frogs
  A kobold demonologist (D:12)
  2 rime drakes
  6 komodo dragons
  A freezing wraith (D:14)
  7 demonic crawlers
  A yaktaur (D:14)
  3 meliai (Spider:1)
  A tengu conjurer (D:14)
  9 trolls
  14 jumping spiders
  8 polar bears
  12 hornets
  10 slime creatures
  A snapping turtle (Lair:3)
  13 blink frogs
  13 hippogriffs
  27 redbacks
  Sigmund (D:2)
  13 spriggans
  A vampire (D:12)
  A tarantella (shapeshifter) (D:15)
  2 shadows
  8 tarantellas
  A wraith (D:14)
  A spriggan (shapeshifter) (D:15)
  2 fire elementals (D:14)
  Eustachio (D:5)
  18 yaks
  4 basilisks
  2 steam dragons (D:10)
  4 wyverns
  A human (D:14)
  5 wargs
  8 hungry ghosts
  Edmund (D:5)
  An acid dragon (D:14)
  3 soldier ants
  9 water moccasins
  A floating eye (shapeshifter) (D:15)
  6 porcupines
  4 hell hounds (D:14)
  33 orc warriors
  2 sky beasts
  6 ice beasts
  16 ogres
  2 black bears
  An eye of draining (D:14)
  4 boggarts (Lair:6)
  2 necrophages
  28 wolves
  3 centaurs
  4 phantoms
  16 crocodiles
  5 big kobolds
  The ghost of CrazyArbalest the Sneak, an amateur SpAs (D:3)
  13 bullfrogs
  8 gnoll sergeants (Bailey)
  3 water moccasin zombies (Ossuary)
  3 scorpions
  16 wights
  4 howler monkeys
  3 electric eels
  A lava snake (Lair:5)
  4 crimson imps
  A quasit (D:6)
  2 bullfrog zombies
  10 hounds
  19 orc priests
  2 centaur skeletons
  Crazy Yiuf (D:4)
  7 jellies
  4 iguanas
  6 gnoll shamans (Bailey)
  Ijyb (D:5)
  26 orc wizards
  13 worker ants
  2 mummies (Ossuary)
  A worker ant zombie (D:5)
  A howler monkey zombie (D:7)
  9 adders
  17 gnolls
  3 shadow imps
  13 adder zombies
  3 adder skeletons
  A worm (D:4)
  3 dart slugs
  7 leopard geckos
  94 orcs
  4 bats
  4 giant cockroaches
  2 gnoll zombies (Ossuary)
  10 goblins
  3 hobgoblins
  14 jackals
  28 kobolds
  5 quokkas
  2 ball pythons
  7 frilled lizards
  6 hobgoblin zombies (Ossuary)
  7 kobold zombies (Ossuary)
  A leopard gecko skeleton (D:6)
  A leopard gecko zombie (D:7)
  4 orc zombies (Ossuary)
  A quokka skeleton (D:9)
  A quokka zombie (D:5)
  8 rats
  3 fungi
  2 plants
869 creatures vanquished.

Vanquished Creatures (collateral kills)
  A hydra (D:11)
  A death knight (D:12)
  A two-headed ogre (D:11)
  An ogre mage (D:14)
  2 skeletal warriors (D:12)
  A wolf spider (Spider:2)
  2 oklob plants (Lair:1)
  4 orb spiders (Spider:2)
  2 demonic crawlers (Spider:2)
  A jumping spider (Spider:2)
  A redback (Spider:2)
  2 orc warriors
  A scorpion (D:11)
  A hound (D:14)
  A worker ant (D:14)
  An orc (D:11)
  3 goblins (D:14)
  A plant (Lair:1)
27 creatures vanquished.

Vanquished Creatures (others)
  A gargoyle (D:15)
  2 jumping spiders (Spider:2)
  5 fungi
  4 plants (Lair:6)
12 creatures vanquished.

Grand Total: 908 creatures vanquished

Notes
Turn   | Place    | Note
-------+----------+-------------------------------------------
     0 | D:1      | wojtek the Minotaur Fighter began the quest for the Orb.
     0 | D:1      | Reached XP level 1. HP: 19/19 MP: 0/0
   139 | D:1      | Reached skill level 3 in Axes
   173 | D:1      | Reached XP level 2. HP: 22/26 MP: 1/1
   488 | D:1      | Reached skill level 4 in Axes
   946 | D:2      | Reached XP level 3. HP: 31/31 MP: 2/2
   963 | D:2      | Found a faded altar of an unknown god.
  1001 | D:2      | Found an opulent altar of Gozag.
  1029 | D:2      | Found an ancient bone altar of Kikubaaqudgha.
  1207 | D:2      | Noticed Sigmund
  1215 | D:2      | Killed Sigmund
  1215 | D:2      | Reached skill level 7 in Axes
  1215 | D:2      | Reached XP level 4. HP: 14/39 MP: 3/3
  1215 | D:2      | Reached XP level 5. HP: 16/45 MP: 4/4
  1744 | D:3      | Found a white marble altar of Elyvilon.
  1791 | D:3      | Noticed CrazyArbalest's ghost (amateur SpAs)
  1806 | D:3      | Killed CrazyArbalest's ghost
  1806 | D:3      | Reached XP level 6. HP: 49/51 MP: 5/5
  2086 | D:4      | Found a runed door.
  2111 | D:4      | Found Syilio's Distillery.
  2306 | D:4      | Reached skill level 8 in Axes
  2459 | D:4      | Noticed a water moccasin
  2471 | D:4      | Killed a water moccasin
  2471 | D:4      | Reached skill level 1 in Dodging
  2938 | D:4      | Reached XP level 7. HP: 45/59 MP: 6/6
  3293 | D:4      | Noticed Crazy Yiuf
  3303 | D:4      | Killed Crazy Yiuf
  3479 | D:5      | Entered Level 5 of the Dungeon
  3566 | D:5      | Noticed Eustachio
  3583 | D:5      | Killed Eustachio
  3595 | D:5      | Noticed Edmund
  3605 | D:5      | Killed Edmund
  3605 | D:5      | Reached skill level 5 in Fighting
  3605 | D:5      | Reached skill level 5 in Armour
  3605 | D:5      | Reached skill level 5 in Shields
  3629 | D:5      | Found a sand-covered staircase.
  3634 | Ossuary  | Entered an ossuary
  4017 | Ossuary  | Reached XP level 8. HP: 58/68 MP: 7/7
  4188 | D:5      | Reached skill level 9 in Axes
  4393 | D:5      | Found a white marble altar of Elyvilon.
  4638 | D:5      | Noticed Ijyb
  4648 | D:5      | Killed Ijyb
  5126 | D:6      | Found a shattered altar of Ashenzari.
  5862 | D:7      | Reached XP level 9. HP: 78/78 MP: 8/8
  5901 | D:7      | Identified Sif Muna's Papyrus of Curses
  6090 | D:7      | Reached skill level 5 in Dodging
  6424 | D:7      | Reached skill level 10 in Axes
  6561 | D:7      | Got a pair of twisted boots
  6753 | D:7      | Found a staircase to the Ecumenical Temple.
  6826 | Temple   | Entered the Ecumenical Temple
  6880 | Temple   | Became a worshipper of Makhleb the Destroyer
  6967 | D:7      | Reached skill level 1 in Invocations
  7220 | D:4      | Bought a potion of curing for 42 gold pieces
  7220 | D:4      | Bought 2 potions of heal wounds for 140 gold pieces
  7407 | D:8      | Noticed Merlin's ghost (novice DsCK)
  7458 | D:8      | Killed Merlin's ghost
  7458 | D:8      | Reached XP level 10. HP: 61/88 MP: 8/10
  7768 | D:8      | Noticed Erica
  7780 | D:8      | Killed Erica
  7873 | D:8      | Found a stormy altar of Qazlal.
  7873 | D:8      | Found a basalt altar of Yredelemnul.
  8045 | D:9      | Reached * piety under Makhleb
  8553 | D:10     | Entered Level 10 of the Dungeon
  9075 | D:10     | Found a staircase to the Lair.
  9373 | D:10     | Noticed a two-headed ogre
  9378 | D:10     | Killed a two-headed ogre
  9378 | D:10     | Reached skill level 11 in Axes
  9378 | D:10     | Reached skill level 5 in Invocations
  9481 | D:11     | Noticed an eight-headed hydra
  9489 | D:11     | Noticed a red ugly thing
  9503 | D:11     | Found a labyrinth entrance.
  9531 | Lab      | Entered a labyrinth
  9753 | Lab      | Reached XP level 11. HP: 92/95 MP: 14/14
  9933 | Lab      | Noticed a minotaur
  9944 | Lab      | Killed a minotaur
 10016 | Lab      | Got a faintly glowing wooden ring
 10484 | D:11     | Killed a red ugly thing
 10524 | D:11     | Reached ** piety under Makhleb
 10667 | Lair:1   | Entered Level 1 of the Lair of Beasts
 10679 | Lair:1   | Identified the ring "Yrytax" {*Slow +Fly rF+ Slay+3 SInv} (You found it in a labyrinth)
 10684 | Lair:1   | Identified the +0 pair of boots of Trial and Error {Regen+} (You found it on level 7 of the Dungeon)
 10924 | Lair:1   | Noticed an oklob plant
 11489 | Lair:1   | Noticed an oklob plant
 11489 | Lair:1   | Noticed an oklob plant
 11500 | Lair:1   | Got a jewelled rapier
 11688 | Lair:2   | Noticed Sonja
 11692 | Lair:2   | Killed Sonja
 11883 | Lair:2   | Noticed a four-headed hydra
 11901 | Lair:2   | Killed an 11-headed hydra
 11901 | Lair:2   | Reached skill level 10 in Fighting
 11901 | Lair:2   | Reached XP level 12. HP: 37/106 MP: 16/16
 12584 | Lair:3   | Reached skill level 10 in Shields
 12594 | Lair:3   | Reached *** piety under Makhleb
 12629 | Lair:3   | Reached skill level 10 in Armour
 12631 | Lair:3   | Reached skill level 1 in Evocations
 12644 | Lair:3   | Reached skill level 12 in Axes
 12856 | Lair:3   | Got a dull robe
 12942 | Lair:3   | Found a staircase to the Shoals.
 13348 | Lair:4   | Noticed a catoblepas
 13351 | Lair:4   | Noticed a death yak
 13382 | Lair:4   | Killed a catoblepas
 13390 | Lair:4   | Killed a death yak
 13546 | Lair:4   | Got an ichor-stained ring mail
 13566 | Lair:4   | Identified the +0 ring mail "Foqevo" {rElec rPois Regen+} (You found it on level 4 of the Lair of Beasts)
 13582 | Lair:4   | Found a hole to the Spider Nest.
 14368 | Lair:5   | Found a viscous altar of Jiyva.
 14374 | Lair:5   | Found a staircase to the Slime Pits.
 15127 | Lair:6   | Entered Level 6 of the Lair of Beasts
 15218 | Lair:6   | Reached XP level 13. HP: 115/115 MP: 19/19
 15232 | Lair:6   | Reached **** piety under Makhleb
 15612 | Lair:6   | Reached skill level 10 in Invocations
 16082 | Lair:6   | Reached ***** piety under Makhleb
 16170 | Lair:6   | Reached skill level 13 in Axes
 16175 | Lair:6   | Reached skill level 10 in Dodging
 17180 | D:11     | Found a roughly hewn altar of Beogh.
 17180 | D:11     | Found a staircase to the Orcish Mines.
 17948 | D:12     | Reached XP level 14. HP: 125/125 MP: 21/21
 18924 | D:14     | Found a hazy altar of Hepliaklqana.
 18932 | D:14     | Found Fucvod's Antique Weapon Boutique.
 19101 | D:14     | Found a flagged portal.
 19118 | Bailey   | Entered a bailey
 20014 | D:14     | Noticed Azrael
 20024 | D:14     | Killed Azrael
 20426 | D:14     | Found a gate to the Vaults.
 21209 | D:15     | Entered Level 15 of the Dungeon
 21632 | D:15     | Reached skill level 14 in Axes
 21678 | D:15     | Reached XP level 15. HP: 131/134 MP: 23/23
 22077 | D:15     | Found a staircase to the Depths.
 22448 | Orc:1    | Entered Level 1 of the Orcish Mines
 22556 | Orc:1    | Found an iron altar of Okawaru.
 22752 | Orc:2    | Entered Level 2 of the Orcish Mines
 22771 | Orc:2    | Found a staircase to the Elven Halls.
 22785 | Orc:2    | Noticed an orc warlord
 22786 | Orc:2    | Reached ****** piety under Makhleb
 22806 | Orc:2    | Killed an orc warlord
 22884 | Orc:2    | Found a roughly hewn altar of Beogh.
 22897 | Orc:2    | Found Gegitrik's Jewellery Shoppe.
 23209 | Orc:2    | Noticed an orc warlord
 23233 | Orc:2    | Killed an orc warlord
 23248 | Orc:2    | Found a roughly hewn altar of Beogh.
 23248 | Orc:2    | Found Sukeimn's Antique Weapon Shop.
 23252 | Orc:2    | Found Gidixaypn's Antique Armour Boutique.
 23262 | Orc:2    | Bought a pair of runed boots for 172 gold pieces
 23370 | Orc:2    | Found a roughly hewn altar of Beogh.
 23434 | Orc:2    | Found a roughly hewn altar of Beogh.
 23659 | Orc:2    | Found a roughly hewn altar of Beogh.
 23858 | Orc:2    | Found a roughly hewn altar of Beogh.
 23873 | Orc:2    | Found Xem Coic's Gadget Emporium.
 24193 | Spider:1 | Entered Level 1 of the Spider Nest
 24239 | Spider:1 | Noticed Donald
 24451 | Lair:4   | Killed Donald
 25509 | Spider:2 | Noticed a ghost moth
 25510 | Spider:2 | Killed a ghost moth
 26001 | Spider:3 | Reached XP level 16. HP: 144/144 MP: 25/25
 26074 | Spider:3 | HP: 6/144 [emperor scorpion (16)]
 26076 | Spider:3 | Slain by an emperor scorpion

Skill      XL: |  1  2  3  4  5  6  7  8  9 10 11 12 13 14 15 |
---------------+----------------------------------------------+-----
Axes           | 3 4 7 8 9 10 11 12 13 14 | 14.8
Fighting       | 4 5 6 7 8 10 11 12 13 | 13.5
Armour         | 4 5 6 7 8 9 10 11 12 13 | 13.5
Dodging        | 1 3 4 6 7 8 9 10 11 12 | 12.1
Shields        | 4 5 6 7 8 9 10 11 12 13 | 13.5
Invocations    | 2 5 7 9 11 12 13 | 13.6
Evocations     | 2 |  2.8

Action                   |  1- 3 |  4- 6 |  7- 9 | 10-12 | 13-15 | 16-18 || total
-------------------------+-------+-------+-------+-------+-------+-------++-------
Melee: War axe           |    76 |   110 |   429 |   706 |   955 |       ||  2276
       Headbutt          |     7 |    15 |    86 |   164 |   455 |     5 ||   732
       Broad axe         |       |       |       |       |   824 |    38 ||   862
Invok: Minor Destruction |       |       |       |     3 |       |       ||     3
       Lesser Servant of |       |       |       |       |    23 |       ||    23
       Greater Servant o |       |       |       |       |     3 |       ||     3
Evoke: Wand              |       |       |       |    13 |     4 |       ||    17
  Use: Scroll            |       |       |       |     8 |    14 |     1 ||    23
       Potion            |       |       |       |     2 |     1 |     2 ||     5
  Eat: Chunk             |     1 |     6 |    14 |    30 |    36 |       ||    87
       Ration            |       |       |       |     3 |     1 |       ||     4
Armor: Scale mail        |    28 |    33 |    45 |       |       |       ||   106
       Plate armour      |       |       |   116 |   368 |   301 |       ||   785
       Crystal plate arm |       |       |       |       |   595 |    51 ||   646
Dodge: Dodged            |    14 |    26 |   122 |   255 |  1158 |    52 ||  1627
Block: Shield            |    34 |    55 |   204 |   468 |  1338 |    67 ||  2166
